Unix NetHack Version 3.7.0-80 Work-in-progress - last build Apr 4 2023 12:38:21 (790859391a0ee7bd3181b412646ad1b7e633ff00,branch:master). Game began 2023-04-16 13:53:25, ended 2023-04-16 14:24:19. tromix, chaotic male human Ranger -------- |......| - |...... #--------------------------------- . |......| ## #................................. |.....<.########|.----....-----.----|--..-----..| -------- ## ##|.| ----.|...|@+ |..|..|(((|..| ..| |.|._@-)| |..|..|(((|..| |.- |.|...|.--------.|...|..| |.. |.|...|....| |.--|--..| |. -+--.----|....+ |......... +..........+ -+--.-----..-----.| |.. --+-..| |........|.].|.| |.- |.-- |--|-...[-.!%|.| |.| |.| |....---%-----.| |.| ----.| |...| +.......| |.| |....+ |...| |.......| | |.----....------+-.------.....{.. .....| |...............................| | --------------------------------- Tromix the Trailblazer St:14 Dx:12 Co:14 In:15 Wi:13 Ch:8 Chaotic Dlvl:6 $:39 HP:0(40) Pw:28(28) AC:4 Exp:6 T:2611 Latest messages: You hear a door open. You hear a door open. The hill orc opens a door. You stop searching. You feel agile! You must have been working on your reflexes. The hill orc misses the priest of Mercury. You hit the hill orc. The hill orc just misses! You hit the hill orc. The hill orc hits! You hear the chime of a cash register. You kill the hill orc! You kill the jackal! You see here a hill orc corpse. You are beginning to feel hungry. There is a hill orc corpse here; eat it? [ynq] (n) y This hill orc corpse tastes okay. The hill orc throws a crude dagger! You are hit by a crude dagger. You stop eating the hill orc corpse. There is a partly eaten hill orc corpse here; eat it? [ynq] (n) y You resume your meal. You stop eating the hill orc corpse. You hit the hill orc. The hill orc misses! You hit the hill orc. The hill orc hits! You miss the hill orc. The Woodland-elf shoots 3 elven arrows! The 1st elven arrow misses the hill orc. You are hit by the 1st elven arrow! The 2nd elven arrow hits the hill orc. The 3rd elven arrow hits the hill orc. You kill the hill orc! The Woodland-elf wields a runed short sword! There is a partly eaten hill orc corpse here; eat it? [ynq] (n) y You resume your meal. The Woodland-elf picks up an iron skull cap. You stop eating the hill orc corpse. The Woodland-elf thrusts her runed short sword. The Woodland-elf hits! You hit the Woodland-elf. The Woodland-elf thrusts her runed short sword. The Woodland-elf hits! You hit the Woodland-elf. The Woodland-elf thrusts her runed short sword. The Woodland-elf hits! You die... Do you want your possessions identified? [ynq] (y) q Inventory: Coins $ - 39 gold pieces Weapons c - 49 +2 arrows (in quiver) d - 33 +0 arrows b - a +1 bow (alternate weapon; not wielded) s - 5 blessed +0 daggers a - a +1 dagger (weapon in hand) q - 8 +0 daggers D - 5 cursed +0 daggers Armor k - an uncursed +0 orcish helm (being worn) m - an uncursed +0 pair of iron shoes (being worn) T - a cursed -1 pair of iron shoes e - an uncursed +2 cloak of displacement (being worn) A - a cursed -1 mummy wrapping Comestibles E - 3 uncursed cram rations r - an uncursed tin of soup made from floating eye meat Scrolls N - an uncursed scroll of enchant armor g - an uncursed scroll of enchant weapon H - an uncursed scroll of remove curse u - an uncursed scroll of teleportation Spellbooks l - an uncursed spellbook of confuse monster Potions S - an uncursed potion of confusion O - an uncursed potion of gain ability x - an uncursed potion of monster detection o - an uncursed potion of object detection Wands p - a wand of make invisible (0:3) Tools f - an empty uncursed sack R - an uncursed brass lantern F - a blessed magic lamp Gems/Stones Q - an uncursed worthless piece of violet glass z - a cursed worthless piece of violet glass w - an uncursed worthless piece of yellow glass C - 3 uncursed worthless pieces of yellowish brown glass Tromix the Ranger's attributes: Background: You were a Trailblazer, a level 6 male human Ranger. You were chaotic, on a mission for Mars who was opposed by Mercury (lawful) and Venus (neutral). You were in the Gnomish Mines, on level 6. You entered the dungeon 2611 turns ago. You had 441 experience points, 199 more were needed to attain level 7. Basics: You had 0 out of 40 hit points. You had all 28 energy points (spell power). Your armor class was 4. Your wallet contained 39 zorkmids. Autopickup was off. Final Characteristics: Your strength was 14 (limit:18/100). Your dexterity was 12 (limit:18). Your constitution was 14 (limit:18). Your intelligence was 15 (limit:18). Your wisdom was 13 (limit:18). Your charisma was 8 (limit:18). Final Status: You were not hungry. You were unencumbered. You were wielding a dagger. You had basic skill with dagger and could have enhanced that. Final Attributes: You were piously aligned. You had automatic searching. You were invisible. You were displaced. You were warded. You are dead. Miscellaneous: You disabled loading of bones levels. Total elapsed playing time was 30 minutes and 53 seconds. Major events: Turn 1: tromix the chaotic male human Ranger entered the dungeon 811: entered the Gnomish Mines 1102: attained the rank of Lookout (level 3) 2231: attained the rank of Trailblazer (level 6) 2611: killed by a Woodland-elf Vanquished creatures: an orc shaman a yellow light 3 gnome leaders 3 gnomish wizards a kobold mummy 3 giant ants 5 dwarves 2 hill orcs a rothe a rabid rat a hobbit 2 manes a hobgoblin a giant rat a cave spider a yellow mold 20 gnomes a gnome zombie 7 jackals 2 goblins 3 lichens 5 newts 66 creatures vanquished. No species were genocided or became extinct. Voluntary challenges: You read items or engraved 2 times. You never engraved Elbereth. You never genocided any monsters. You never polymorphed an object. You never changed form. You used no wishes. Achievements: You entered a shop. You entered the Gnomish Mines. You attained the rank of Lookout. You attained the rank of Trailblazer. You entered a temple. The Dungeons of Doom: levels 1 to 3 Level 1: A fountain. Level 2: A general store. Level 3: An altar, a fountain, a grave. Stairs down to The Gnomish Mines. The Gnomish Mines: levels 4 to 6 Level 4: Level 5: Level 6: <- You were here. Some shops, a temple, a fountain. Final resting place for you, killed by a Woodland-elf. Game over: ---------- / \ / REST \ / IN \ / PEACE \ / \ | tromix | | 39 Au | | killed by a | | Woodland-elf | | | | | | 2023 | *| * * * | * _________)/\\_//(\/(/\)/\//\/|_)_______ Goodbye tromix the Ranger... You died in The Gnomish Mines on dungeon level 6 with 2050 points, and 39 pieces of gold, after 2611 moves. You were level 6 with a maximum of 40 hit points when you died.